 Dungeon Crawl Stone Soup version 0.28-a0-779-g3d1f99b579 (webtiles) character file.

Game seed: 7927675796697823238

74 pokeman the Magician (level 4, -3/25 HPs)
             Began as a Deep Elf Hedge Wizard on Nov 2, 2021.
             Slain by a goblin (8 damage)
             ... on level 2 of the Dungeon.
             The game lasted 00:03:40 (1899 turns).

pokeman the Magician (Deep Elf Hedge Wizard)        Turns: 1899, Time: 00:03:40

Health: -3/25      AC:  2    Str:  7    XL:     4   Next: 9%
Magic:  3/13       EV: 12    Int: 20    God:
Gold:   1          SH:  0    Dex: 14    Spells: 3/14 levels left

rFire   . . .      SeeInvis .   e - +0 quick blade
rCold   . . .      Faith    .   (no shield)
rNeg    . . .      Spirit   .   b - +0 robe
rPois   .          Reflect  .   c - +0 hat
rElec   .          Harm     .   (no cloak)
rCorr   .          Rampage  .   (no gloves)
Will    .....                   (no boots)
Stlth   ++........              (no amulet)
HPRegen 0.08/turn               (no ring)
MPRegen 0.13/turn               (no ring)

@: very slightly contaminated
A: no striking features
a: no special abilities


You were on level 2 of the Dungeon.
You visited 1 branch of the dungeon, and saw 2 of its levels.

You collected 34 gold pieces.
You spent 33 gold pieces at shops.

Inventory:

Hand Weapons
 e - a +0 quick blade (weapon)
Missiles
 i - 23 bolts
Armour
 b - a +0 robe (worn)
 c - a +0 hat (worn)
Scrolls
 a - a scroll of identify {unknown}
 d - a scroll of enchant armour {unknown}
 f - a scroll of blinking {unknown}
 g - a scroll of brand weapon {unknown}


   Skills:
 - Level 1.0 Fighting
 - Level 1.0 Armour
 + Level 2.6 Dodging
 - Level 2.4 Stealth
 * Level 5.6 Spellcasting
 + Level 2.1 Conjurations
 - Level 1.1 Summonings
 - Level 1.1 Translocations
 + Level 0.3 Fire Magic


You had 3 spell levels left.
You knew the following spells:

 Your Spells              Type           Power      Damage    Failure   Level
a - Magic Dart            Conj           56%        1d5       4%          1
b - Mephitic Cloud        Conj/Pois/Air  8%         N/A       24%         3
c - Call Imp              Summ           10%        N/A       11%         2
d - Blink                 Tloc           20%        N/A       11%         2
e - Conjure Flame         Conj/Fire      10%        6-21      21%         3

Your spell library contained the following spells:

 Spells                   Type           Power      Damage    Failure   Level
 Slow                     Hex            20%        N/A       11%         1


Dungeon Overview and Level Annotations

Branches:
Dungeon (2/15)

Altars:

Shops:
D:2 *


Message History

The adder barely misses you.
You feel better. The adder barely misses you. The adder bites you.
Casting: Magic Dart (safe; 4% risk of failure)
Confirm with . or Enter, or press ? or * to list all spells.
You blink.
Casting: Blink (safe; 11% risk of failure)
Confirm with . or Enter, or press ? or * to list all spells.
The spell is extremely dangerous to cast (24% risk of failure)!
Continue anyway?
Aiming: Mephitic Cloud (extremely dangerous; 24% risk of failure)
Press: ? - help, Shift-Dir - straight line, f/p - adder
Aim: an adder (moderately wounded, chance to affect: 91%)
You miscast Mephitic Cloud.
Electricity courses through your body.
Unknown command.
Casting: Mephitic Cloud (extremely dangerous; 24% risk of failure)
Confirm with . or Enter, or press ? or * to list all spells.
The spell is extremely dangerous to cast (24% risk of failure)!
Continue anyway?
Aiming: Mephitic Cloud (extremely dangerous; 24% risk of failure)
Press: ? - help, Shift-Dir - straight line, f/p - adder
Aim: an adder (moderately wounded, chance to affect: 91%) That beam is likely to hit you.
Continue anyway?
The ball explodes into a vile cloud!
The stinking cloud engulfs the adder but does no damage.
The adder is moderately wounded.
The stinking cloud engulfs you but does no damage.
The stinking cloud engulfs the goblin but does no damage.
You are engulfed in noxious fumes.
You choke on the stench!
You are confused.
The adder is engulfed in noxious fumes.
The adder appears confused.
The adder bites the goblin.
The goblin hits you with a +0 war axe.
* * * LOW HITPOINT WARNING * * *
Unknown command.
The adder is engulfed in noxious fumes.
The adder appears confused.
The adder is engulfed in noxious fumes.
The adder appears confused.
Unknown command.
You feel less confused.
Unknown command.
You feel stable enough to blink again.
The adder is engulfed in noxious fumes.
The adder appears confused.
The goblin hits you with a +0 war axe!
You die...

.# #.# ..##
#.##### ...###
#.)...# ....###
#.###.# .....#+###
#.# ##......# #.#
##......# #.#
##..S...### #.#
##...°g@##.# #.#
##..○.°.##..# #.#
##...w○°##..## #.#
##.....g##†...#
#.#
##......##..##)#
#.#
##......##....###
#.#
##......##..##...#
#.#
#......###...###.#
#.#
#'#......###.†.###
#.#


You could see a worm, an adder (confused) and 2 goblins.

Vanquished Creatures
  3 adders (D:2)
  A worm (D:2)
  2 dart slugs (D:1)
  6 endoplasms (D:1)
  2 giant cockroaches (D:1)
  3 goblins
  3 hobgoblins (D:1)
  2 kobolds
  2 quokkas (D:1)
  5 ball pythons
  3 bats
  3 frilled lizards
  4 rats
39 creatures vanquished.

Notes
Turn   | Place    | Note
-------+----------+-------------------------------------------
     0 | D:1      | pokeman the Deep Elf Hedge Wizard began the quest for the
                  | Orb.
     0 | D:1      | Reached XP level 1. HP: 10/10 MP: 7/7
   237 | D:1      | Reached XP level 2. HP: 16/16 MP: 5/9
   633 | D:1      | Found a faded altar of an unknown god.
   720 | D:1      | Reached skill level 5 in Spellcasting
   894 | D:1      | Reached XP level 3. HP: 20/20 MP: 7/11
   898 | D:1      | Learned a level 3 spell: Mephitic Cloud
   901 | D:1      | Learned a level 2 spell: Call Imp
   904 | D:1      | Learned a level 2 spell: Blink
   908 | D:1      | Learned a level 3 spell: Conjure Flame
  1320 | D:2      | Found Guqovym's General Store.
  1338 | D:2      | Bought a potion of curing for 33 gold pieces
  1398 | D:2      | Reached skill level 1 in Fighting
  1562 | D:2      | Reached skill level 1 in Armour
  1671 | D:2      | Reached XP level 4. HP: 12/25 MP: 1/13
  1899 | D:2      | Slain by a goblin

Illustrated notes

Levels and vault maps discovered:
D:1:      dpeg_arrival_solitude, layout_loops_ring,
          hellmonk_ecumenical_altar_heavens_door
D:2:      minmay_razor_zed, layout_basic, serial_shops, nicolae_shop_waterfront,
          basic_altar

Skill      XL: |  1  2  3 |
---------------+----------+-----
Spellcasting   | 5 |  5.6
Fighting       | 1 |  1.0
Armour         | 1 |  1.0
Conjurations   | 2 |  2.1
Dodging        | |  2.6
Stealth        | |  2.4
Summonings     | |  1.1
Translocations | |  1.1
Fire Magic     | |  0.3

Action                   |  1- 3 |  4- 6 || total
-------------------------+-------+-------++-------
Melee: Quick blade       |       |     1 ||     1
 Cast: Magic Dart        |   112 |     3 ||   115
       Mephitic Cloud    |       |     1 ||     1
       Blink             |       |     1 ||     1
  Use: Potion            |       |     1 ||     1
Armor: Robe              |     3 |       ||     3
Dodge: Dodged            |    22 |     2 ||    24

Table legend: (Time is in decaauts)
 A = Elapsed time spent in this place.
 B = Non-inter-level travel time spent in this place.
 C = Inter-level travel time spent in this place.
 D = Time resting spent in this place.
 E = Time spent auto-exploring this place.
 F = Levels seen in this place.
 G = Mean time per level.
                   A        B        C        D        E       F      G
               +--------+--------+--------+--------+--------+-----+--------+
         Total |   1898 |   1849 |     49 |      0 |   1623 |   2 |  949.0 |
       Dungeon |   1898 |   1849 |     49 |      0 |   1623 |   2 |  949.0 |
               +--------+--------+--------+--------+--------+-----+--------+

Top non-repeatable levels by time:
     D:1: 1263 daAuts
     D:2: 634 daAuts
